Map: Lerilak Crest

Players

xKawaiian

  • Race: Terran Terran
  • League: Master

HuK - Winner!

  • Race: Protoss Protoss
  • League: Grandmaster

VOD

Have the link to the VOD?

Description

Time

  • Played on: Jan. 12, 2016, 6:08 p.m.
  • Length: 4:05
Show
View Real Time Build Order
Export as new Build Order

xKawaiian Terran 

Build Orders: Reaper Expand 

Get SALT Encoding   

  12  0:00  SCV  
  13  0:13  SCV  
  14  0:17  Supply Depot  
  14  0:25  SCV  
  15  0:39  SCV  
  15  0:40  Barracks  
  16  0:47  Refinery  
  16  0:51  SCV  
  17  1:03  SCV  
  18  1:15  SCV  
  19  1:28  Orbital Command  
  19  1:30  Reaper  
  20  1:41  Command Center  
  20  1:52  Supply Depot  
  20  1:53  SCV  
  21  2:03  Barracks Reactor  
  21  2:06  SCV  
  22  2:09  Barracks  
  22  2:18  Barracks  
  22  2:19  SCV  
  23  2:31  SCV  
  24  2:40  Marine x2  
  24  2:43  SCV  
  27  2:54  Orbital Command  
  27  2:56  SCV  
  27  2:58  Barracks Tech Lab, Marine  
  29  3:05  Marine x2  
  29  3:06  Factory  
  29  3:08  SCV  
  29  3:09  Refinery  
  31  3:15  Marine  
  31  3:18  Marine  
  33  3:20  SCV x2  
  33  3:24  Marine x2  
  37  3:32  SCV, Orbital Command  
  37  3:42  Marine  
  37  3:44  SCV  
  37  3:45  Marine  
  40  3:52  Starport  
Show
View Real Time Build Order
Export as new Build Order

HuK Protoss - Winner!

Build Orders: Nexus First 

Get SALT Encoding   

  12  0:01  Probe (Chrono Boost)  
  13  0:11  Probe (Chrono Boost)  
  14  0:18  Pylon  
  14  0:22  Probe (Chrono Boost)  
  15  0:37  Probe (Chrono Boost)  
  16  0:47  Probe (Chrono Boost)  
  17  1:00  Nexus  
  17  1:04  Assimilator  
  17  1:13  Gateway, Probe (Chrono Boost)  
  17  1:18  Assimilator  
  18  1:24  Probe (Chrono Boost)  
  19  1:29  Assimilator  
  19  1:34  Probe (Chrono Boost)  
  19  1:38  Gateway  
  20  1:45  Probe (Chrono Boost)  
  21  1:55  Probe (Chrono Boost)  
  22  2:01  Cybernetics Core  
  22  2:06  Probe (Chrono Boost)  
  23  2:14  Probe (Chrono Boost)  
  23  2:16  Probe (Chrono Boost)  
  24  2:27  Probe (Chrono Boost)  
  24  2:28  Probe (Chrono Boost)  
  26  2:37  Probe (Chrono Boost), Adept x2 (Chrono Boost)  
  26  2:40  Mothership Core  
  33  2:45  Pylon  
  33  2:50  Probe  
  34  3:01  Probe (Chrono Boost)  
  34  3:03  Probe (Chrono Boost), Stargate  
  37  3:13  Probe (Chrono Boost)  
  37  3:14  Probe (Chrono Boost)  
  37  3:17  Pylon  
  38  3:23  Probe (Chrono Boost)  
  38  3:24  Probe (Chrono Boost)  
  40  3:34  Probe (Chrono Boost)  
  41  3:35  Probe (Chrono Boost)  
  41  3:39  Gateway  
  42  3:42  Gateway  
  42  3:44  Probe (Chrono Boost)  
  42  3:45  Probe (Chrono Boost)  
Tags
 
Add a new tag
Caveats
  • Supply blocks, unpowered buildings, or Contaminate may cause inaccurate times.
  • Supply counts are checked every 10 seconds.